 Dungeon Crawl Stone Soup version 0.31.0-4-g52a2dc7128 (webtiles) character file.

Game seed: 4672625433743145289

2807 Daunt the Chiller (level 9, -11/66 HPs)
             Began as a Merfolk Earth Elementalist on Jan 21, 2024.
             Was a Believer of Vehumet.
             Mangled by a two-headed ogre
             ... wielding a +0 giant club
              (30 damage)
             ... on level 5 of the Dungeon.
             The game lasted 00:48:49 (7715 turns).

Daunt the Chiller (Merfolk Earth Elementalist)      Turns: 7715, Time: 00:48:49

Health: -11/66     AC:  2    Str:  8    XL:     9   Next: 72%
Magic:  11/18      EV: 12    Int: 18    God:    Vehumet [**....]
Gold:   11         SH:  5    Dex: 15    Spells: 12/20 levels left

rFire   . . .        g - +2 short sword (elec)
rCold   . . .        u - +0 buckler
rNeg    . . .        n - +0 robe {Will+}
rPois   .            (no helmet)
rElec   .            E - scarf {repulsion}
rCorr   +            (no gloves)
SInv    .            (no boots)
Will    +....        (no amulet)
Stlth   +++          k - ring of flight
HPRegen 0.31/turn    w - ring of resist corrosion
MPRegen 0.16/turn

%: repel missiles
@: freezing walls, flying
A: (nimble swimmer 2), mertail
a: Renounce Religion


You were on level 5 of the Dungeon.
You worshipped Vehumet.
Vehumet was pleased with you.
You visited 2 branches of the dungeon, and saw 8 of its levels.

You collected 401 gold pieces.
You spent 390 gold pieces at shops.

Inventory:

Hand Weapons
 g - a +2 short sword of electrocution (weapon)
 h - a +1 dagger of venom
 v - a +1 whip of flaming
 F - a +1 spear
Missiles
 f - 20 poisoned darts
 j - 83 stones
Armour
 e - an orb of mayhem
 n - a +0 robe of willpower (worn)
 o - a +0 cloak
 u - a +0 buckler (worn)
 E - a scarf of repulsion (worn)
Jewellery
 k - a ring of flight (left hand)
 w - a ring of resist corrosion (right hand)
 y - an amulet of guardian spirit
Wands
 D - a wand of iceblast (14)
Scrolls
 a - a scroll of immolation
 b - a scroll of poison
 c - 3 scrolls of brand weapon {unknown}
 i - a scroll of identify
 m - 2 scrolls of enchant armour {unknown}
 p - 4 scrolls of enchant weapon {unknown}
 q - 2 scrolls of noise {unknown}
 z - 3 scrolls of revelation {unknown}
 A - a scroll of blinking {unknown}
 B - 3 scrolls of fog {unknown}
 C - 3 scrolls of teleportation
Potions
 d - a potion of enlightenment
 l - a potion of degeneration
 r - a potion of lignification
 s - 3 potions of mutation
 t - a potion of cancellation
 x - a potion of might
 G - 2 potions of curing
 H - a potion of brilliance


   Skills:
 - Level 4.7 Fighting
 - Level 2.6 Dodging
 - Level 4.0 Stealth
 - Level 5.0 Shields
 - Level 6.3 Spellcasting
 + Level 2.4 Conjurations
 + Level 7.3 Ice Magic
 - Level 4.0 Earth Magic


You had 12 spell levels left.
You knew the following spells:

 Your Spells              Type           Power      Damage    Failure   Level
a - Freeze                Ice            100%       1d10      1%          1
h - Hailstorm             Conj/Ice       23%        3d7       7%          3
r - Frozen Ramparts       Ice            64%        1d10      2%          3
Z - Sandblast             Erth           40%        2d10      3%          1

Your spell library contained the following spells:

 Spells                   Type           Power      Damage    Failure   Level
 Sting                    Conj/Alch      40%        1d5       11%         1
 Passwall                 Erth           20%        N/A       10%         3
 Stone Arrow              Conj/Erth      34%        3d9       14%         3
 Apportation              Tloc           10%        N/A       17%         1
 Necrotise                Necr           20%        1d5       17%         1
 Jinxbite                 Hex            10%        N/A       26%         2
 Dazzling Flash           Conj/Hex       20%        N/A       30%         3
 Mephitic Cloud           Conj/Alch/Air  8%         N/A       36%         3
 Brom's Barrelling Bould  Conj/Erth      17%        2d4       41%         4
 Vampiric Draining        Necr           5%         2d6       45%         3
 Petrify                  Alch/Erth      12%        N/A       58%         4
 Martyr's Knell           Necr/Summ      5%         N/A       86%         4
 Alistair's Intoxication  Alch           3%         N/A       99%         5
 Curse of Agony           Necr           5%         N/A       99%         5
 Silence                  Hex/Air        2%         N/A       99%         5


Dungeon Overview and Level Annotations

Branches:
Dungeon (7/15)             Temple (1/1) D:4

Altars:
Cheibriados
Dithmenos
Gozag
Hepliaklqana
Qazlal
Trog
Uskayaw
Vehumet
Yredelemnul
Zin
The Shining One

Shops:
D:1 !   D:2 (   D:3 :   D:7 ?[[

Annotations:
D:6 2 runed translucent doors, Eugor's ghost, amateur DECj


Innate Abilities, Weirdness & Mutations

((You are very nimble when in or above water. (Stealth+, EV+, Speed+++)))
Your lower body shifts to a powerful aquatic tail in water.


Message History

Casting: Frozen Ramparts (dangerous; 2% risk of failure)
Press: ? - help, Dir - look around, f - activate
Okay, then.
Unknown command.
The blast of sand hits the two-headed ogre!
The two-headed ogre is moderately wounded.
Casting: Sandblast (safe; 3% risk of failure)
Confirm with . or Enter, or press ? or * to list all spells.
Casting: Frozen Ramparts (dangerous; 2% risk of failure)
Press: ? - help, Dir - look around, f - activate The walls around you are covered in ice.
Unknown command.
The blast of sand hits the two-headed ogre.
The two-headed ogre is moderately wounded.
The wall freezes the two-headed ogre!
The wall freezes the two-headed ogre.
The two-headed ogre hits you with a +0 giant club! x2
Unknown command.
Unknown command.
Casting: Sandblast (safe; 3% risk of failure)
Confirm with . or Enter, or press ? or * to list all spells.
Aiming: Freeze (safe; 1% risk of failure)
Press: ? - help, Shift-Dir - straight line, f/p - two-headed ogre
Aim: a two-headed ogre, wielding two +0 giant clubs (heavily wounded)
You freeze the two-headed ogre.
The two-headed ogre is heavily wounded.
Unknown command.
Unknown command.
Unknown command.
Casting: Freeze (safe; 1% risk of failure)
Confirm with . or Enter, or press ? or * to list all spells.
Aiming: Freeze (safe; 1% risk of failure)
Press: ? - help, Shift-Dir - straight line, f/p - two-headed ogre
Aim: a two-headed ogre, wielding two +0 giant clubs (heavily wounded)
You freeze the two-headed ogre!
The two-headed ogre is severely wounded.
The wall freezes the two-headed ogre!
The two-headed ogre hits you with a +0 giant club!!
* * * LOW HITPOINT WARNING * * *
The two-headed ogre hits you with a +0 giant club!!
You die...

##.####.####.#.###.....#.#.#....
#...##..................#.#.###
##.#.#.......#.###....<....#.#
##....~♣♣######.# ###.##.####.#
..#.#♣~♣♣♣ #.# #.##.# #.#
.##.~~~~P♣ #.#####.##.####.#
.#.♣~~~~~♣♣♣ ##....>........#O#
..♣~P~~≈~~~♣♣P#.......####..#.##
#♣~~~≈≈≈≈~~~P♣♣#@####......♣♣.~♣
♣~~~~~≈≈~≈~P~~~O..########.♣♣.~♣
~~P~≈≈≈≈~~~~~P~~♣..# #.♣~~~♣
..~~~≈[~[~~~~~~~♣..# ♣♣♣♣~P♣
...................# ♣♣♣♣♣♣~♣♣♣
♣.~~~≈~≈~~~~~~≈~~..####♣P~♣♣~.~♣~
~.~P~[~≈~~≈~≈≈~~~P.......~~.~..~~
~.~~~~♣♣♣~~~≈~~~P~#####~♣~~~~~~♣♣
P.~~~♣♣♣♣♣♣~≈~~~~♣# #♣♣♣♣♣P~.♣♣


You could see a two-headed ogre.

Vanquished Creatures
  A steam dragon (D:6)
  Menkaure (D:7)
  A water moccasin (D:5)
  An orc warrior (D:7)
  2 ice beasts
  A sky beast (D:7)
  A black bear (D:4)
  4 ogres
  2 centaurs (D:7)
  2 phantoms
  A kobold brigand (D:7)
  A scorpion (D:5)
  6 wights
  A howler monkey (D:4)
  A crimson imp (D:3)
  2 jellies
  A gnoll bouda (D:7)
  4 hounds
  A sleepcap (D:4)
  3 orc priests
  An iguana (D:6)
  6 orc wizards
  12 gnolls
  5 adders
  4 white imps
  2 ribbon worms (D:2)
  4 dart slugs
  23 orcs
  5 endoplasms
  4 giant cockroaches
  3 goblins
  13 hobgoblins
  3 jackals (D:1)
  A quokka (D:2)
  6 ball pythons
  4 bats
  5 frilled lizards (D:1)
  3 hobgoblin zombies (D:3)
  12 kobolds
  A kobold skeleton (D:3)
  2 orc skeletons (D:3)
  An orc zombie (D:3)
  4 rats (D:1)
161 creatures vanquished.

Vanquished Creatures (others)
  An orc wizard (D:5)
1 creature vanquished.

Grand Total: 162 creatures vanquished

Notes
Turn   | Place    | Note
-------+----------+-------------------------------------------
     0 | D:1      | Daunt the Merfolk Earth Elementalist began the quest for
                  | the Orb.
     0 | D:1      | Reached XP level 1. HP: 13/13 MP: 3/3
    38 | D:1      | Reached skill level 1 in Fighting
   174 | D:1      | Reached XP level 2. HP: 22/22 MP: 3/5
   531 | D:1      | Reached XP level 3. HP: 28/28 MP: 3/6
   768 | D:1      | Found Wappic's Distillery.
   779 | D:1      | Bought a potion of heal wounds for 50 gold pieces
  1159 | D:2      | Reached XP level 4. HP: 34/34 MP: 2/7
  1291 | D:2      | Found Cihol's Weapon Boutique.
  1919 | D:3      | Reached XP level 5. HP: 40/40 MP: 6/9
  1977 | D:3      | Found a glowing golden altar of the Shining One.
  2162 | D:3      | Found Muopre Pico's Book Boutique.
  2472 | D:4      | Found a staircase to the Ecumenical Temple.
  2479 | Temple   | Entered the Ecumenical Temple
  2494 | Temple   | Became a worshipper of Vehumet
  2827 | D:4      | Reached XP level 6. HP: 31/46 MP: 3/10
  2854 | D:4      | Reached skill level 1 in Shields
  2897 | D:5      | Entered Level 5 of the Dungeon
  2959 | D:5      | Noticed a water moccasin
  3058 | D:5      | Noticed a two-headed ogre
  3282 | D:5      | Noticed a water moccasin
  3313 | D:6      | Noticed a steam dragon
  3341 | D:6      | Reached XP level 7. HP: 49/51 MP: 7/13
  3547 | D:6      | Reached skill level 5 in Spellcasting
  3792 | D:6      | Reached * piety under Vehumet
  3792 | D:6      | Offered knowledge of Foxfire by Vehumet.
  4467 | D:4      | Reached XP level 8. HP: 57/57 MP: 11/17
  5017 | D:6      | Reached skill level 1 in Ice Magic
  5021 | D:6      | HP: 1/61 [orc priest/divine providence (11)]
  5202 | D:6      | Reached ** piety under Vehumet
  5202 | D:6      | Offered knowledge of Sting by Vehumet.
  5203 | D:6      | Reached skill level 2 in Ice Magic
  5549 | D:6      | Reached skill level 3 in Ice Magic
  5613 | D:6      | Found a large runed translucent door.
  5613 | D:6      | Found a large runed translucent door.
  5628 | D:6      | HP: 2/59 [steam dragon/ball of steam (13)]
  5631 | D:6      | Reached skill level 4 in Ice Magic
  5777 | D:6      | Noticed Eugor's ghost (amateur DECj)
  5826 | D:6      | Reached skill level 5 in Ice Magic
  6120 | D:3      | Bought a book of Frost for 240 gold pieces
  6124 | D:3      | Learned a level 3 spell: Frozen Ramparts
  6126 | D:3      | Learned a level 1 spell: Freeze
  6404 | D:5      | Reached XP level 9. HP: 51/66 MP: 15/18
  6712 | D:6      | Reached skill level 6 in Ice Magic
  6892 | D:7      | Noticed Menkaure
  7070 | D:7      | Reached skill level 5 in Shields
  7074 | D:7      | Learned a level 3 spell: Hailstorm
  7114 | D:7      | Reached skill level 1 in Conjurations
  7187 | D:7      | Found Zuelod's Antique Armour Boutique.
  7256 | D:7      | Found Vurrapp's Magic Scroll Emporium.
  7260 | D:7      | Bought a scroll of teleportation for 30 gold pieces
  7321 | D:7      | Reached skill level 7 in Ice Magic
  7375 | D:7      | Found Plog's Armour Shoppe.
  7392 | D:7      | Killed Menkaure
  7536 | D:1      | Bought a potion of brilliance for 40 gold pieces
  7536 | D:1      | Bought a potion of curing for 30 gold pieces
  7715 | D:5      | Mangled by a two-headed ogre

Illustrated notes

Levels and vault maps discovered:
D:1:      ncdulo_halloftheorcs, layout_rooms, serial_shops, shop, hex_large
D:2:      layout_rooms, serial_shops, nicolae_shop_bloodbath_and_beyond
D:3:      layout_loops_ring, nicolae_tso_besieged_by_evil, serial_shops,
          nicolae_lakefront_shop, kennysheep_generic_room_9
D:4:      layout_loops_ring, minmay_temple_entry_mini_moons, grunt_ministairs_2
D:5:      layout_loops_ring, serial_bayou, serial_bayou_crossing,
          serial_bayou_pond_c, serial_bayou_lagoon_a, serial_bayou_pond_c,
          serial_bayou_lagoon_b, chequers_serial_rivers_micro_a
D:6:      layout_basic, ebering_ghost_disaster_area
D:7:      layout_basic, serial_shops, shop, nicolae_shop_tiny_real_fake_doors,
          shop, nicolae_lakefront_shop, uniq_menkaure
Temple:   eino_wide_crystal_templ

Skill      XL: |  1  2  3  4  5  6  7  8  9 |
---------------+----------------------------+-----
Fighting       | 1 2 4 |  4.7
Earth Magic    | 3 4 |  4.0
Stealth        | 3 4 |  4.0
Spellcasting   | 3 4 6 |  6.3
Shields        | 2 5 |  5.0
Ice Magic      | 5 7 |  7.3
Conjurations   | 2 |  2.4
Dodging        | |  2.6

Action                     |  1- 3 |  4- 6 |  7- 9 || total
---------------------------+-------+-------+-------++-------
  Melee: Dagger            |       |    11 |       ||    11
         Whip              |       |     7 |    22 ||    29
  Throw: Dart              |       |       |     7 ||     7
   Cast: Sandblast         |    65 |   126 |   197 ||   388
         Frozen Ramparts   |       |       |    14 ||    14
         Freeze            |       |       |    24 ||    24
    Use: Potion            |     1 |     1 |     4 ||     6
         Scroll            |       |       |     7 ||     7
   Stab: Sleeping          |       |     1 |       ||     1
 Armour: Robe              |    15 |    42 |    98 ||   155
         Skin              |       |       |    14 ||    14
  Dodge: Dodged            |     8 |    40 |    95 ||   143
  Block: Buckler           |       |    10 |    40 ||    50
